cohdb
Replays
Latest Replays
All Replays
Popular Replays
Top Player Replays
Match Explorer
How It Works
Community
CoH3 Stats
Reddit
Sign in to upload your games and track your stats! →
Sign in with Steam
Match 37750422
Unlisted
Match 37750422
Overview
Messages
Build Orders
End
Scout Squad
Scout Squad
Construct Weapon Support Center
M1919 Machine Gun Team
Sniper
Engineer Squad
Infantry Support Center
Construct Medical Station
Selects Advanced Infantry Battlegroup
Selects Advanced Infantry Battlegroup
Selects Artillery Observers
Artillery Observer Squad
Construct Barracks
M3 Armored Personnel Carrier
Selects Convert to Ranger Squad
Ranger Squad
Ranger Squad
Franksalot
REGULATOR
0
0
Comments
sign in to comment!
No comments posted yet!